Unix NetHack Version 3.7.0-71 Work-in-progress - last build Jan 31 2023 02:41:03 (7ba98a1283f2b7cec35fde026edb48fc825ab8ae,branch:master). Game began 2023-02-12 20:10:25, ended 2023-02-12 20:34:40. Gandelf, neutral male human Monk #---------------- ---------------- ---------- #-..............| |..............| |.........#######0|..............| |..............| |........| ##|..............| |..............| |.........########-------.-------- |..............| |.......<| ## # ### ---------.------ |........| # # # ---------- # # # ### # ## # # # # ######### # # # # -.---|- --------.---## ########## ######-.....| |..........-# ----.- ##### |.....| |..........| |..F.| # ####### |.....| |...........###### |....| ## ------- ------------ #######|.....r@## #-..>.| ------ Gandelf the Initiate St:16 Dx:16 Co:10 In:11 Wi:14 Ch:8 Neutral S:2239 Dlvl:6 $:219 HP:0(45) Pw:34(34) AC:10 Xp:6/362 T:2051 Overtaxed Latest messages: You have a feeling of inadequacy. You climb up the stairs. You swap places with your dog. You hit the water nymph! The beautiful water nymph seduces you and you start taking off your gloves. The water nymph pretends to be friendly. You can move again. The water nymph steals a blessed +2 pair of leather gloves! The water nymph vanishes! The newt staggers from your powerful strike! You kill the newt! There is a doorway here. You see here a newt corpse. C - a newt corpse. Where do you want to travel to? (For instructions type a '?') Can't find dungeon feature '_'. You swap places with your dog. You hit the pony! The pony kicks! The pony bites! You hit the pony! The pony kicks! The pony bites! The pony kicks! The pony bites! You kill the pony! You see here a pony corpse. You have extreme difficulty lifting a pony corpse. Continue? [ynq] (q) y D - a pony corpse. You can barely move a handspan with this load! Where do you want to travel to? (For instructions type a '?') You stop. Your dog is in the way! Where do you want to travel to? (For instructions type a '?') You stop. Your dog is in the way! Where do you want to travel to? (For instructions type a '?') You swap places with your dog. You swap places with your dog. The rabid rat bites! The rabid rat bites! The rabid rat bites! The rabid rat bites! Are you sure you want to pray? [yn] (n) y You begin praying to Chih Sung-tzu. The rabid rat bites! You die... Do you want your possessions identified? [ynq] (y) q Inventory: Coins $ - 219 gold pieces Armor s - an uncursed +0 orcish helm v - an uncursed +0 pair of iron shoes Comestibles g - 6 uncursed apples f - 5 uncursed food rations w - an uncursed partly eaten food ration i - 2 uncursed fortune cookies h - 6 uncursed oranges C - an uncursed newt corpse D - an uncursed pony corpse Scrolls d - an uncursed scroll of identify A - an uncursed scroll of identify Spellbooks c - a blessed spellbook of confuse monster Potions e - 6 uncursed potions of water Tools p - a +0 pick-axe m - an uncursed tin whistle Gems/Stones t - an uncursed worthless piece of blue glass q - an uncursed worthless piece of orange glass j - an uncursed worthless piece of yellowish brown glass Gandelf the Monk's attributes: Background: You were an Initiate, a level 6 male human Monk. You were neutral, on a mission for Chih Sung-tzu who was opposed by Shan Lai Ching (lawful) and Huan Ti (chaotic). You were in the Dungeons of Doom, on level 6. You entered the dungeon 2051 turns ago. You had 362 experience points, 278 more were needed to attain level 7. Your score was 2239 before end-of-game adjustments. Basics: You had 0 out of 45 hit points. You had all 34 energy points (spell power). Your armor class was 10. Your wallet contained 219 zorkmids. Autopickup was on for '$?!+/=' plus thrown. Final Characteristics: Your strength was 16 (limit:18/100). Your dexterity was 16 (limit:18). Your constitution was 10 (limit:18). Your intelligence was 11 (limit:18). Your wisdom was 14 (peak:15, limit:18). Your charisma was 8 (limit:18). Final Status: You were not hungry. You were overtaxed; movement was extremely slowed. You were bare handed. You had basic skill with martial arts. You were not wearing any armor. Final Attributes: You were devoutly aligned. You were sleep resistant. You were poison resistant. You saw invisible. You were stealthy. You were fast. Chih Sung-tzu was angry with you. You are dead. Miscellaneous: You never encountered a bones level. Total elapsed playing time was 24 minutes and 15 seconds. Major events: Turn 1: Gandelf the neutral male human Monk entered the dungeon 548: attained the rank of Novice (level 3) 1896: attained the rank of Initiate (level 6) 2051: killed by a rabid rat, while praying Vanquished creatures: a large mimic a pony a fog cloud a violet fungus a paper golem a giant ant a dwarf a hill orc a giant bat 2 orc zombies 2 dwarf zombies a wererat 2 iguanas 6 killer bees 2 brown molds a yellow mold a green mold a gnome zombie a gecko a jackal a goblin a grid bug a bat 2 lichens a kobold zombie 5 newts 40 creatures vanquished. No species were genocided or became extinct. Voluntary challenges: You followed a strict vegan diet. You never hit with a wielded weapon. You were illiterate. You never engraved Elbereth. You never genocided any monsters. You never polymorphed an object. You never changed form. You used no wishes. Achievements: You entered a shop. You attained the rank of Novice. You attained the rank of Initiate. The Dungeons of Doom: levels 1 to 7 Level 1: Level 2: A fountain. Level 3: A general store. Level 4: A fountain. Level 5: Level 6: <- You were here. Final resting place for you, killed by a rabid rat, while praying. Level 7: An altar to Chih Sung-tzu, a fountain, a sink. Game over: ---------- / \ / REST \ / IN \ / PEACE \ / \ | Gandelf | | 219 Au | | killed by a | | rabid rat | | | | | | 2023 | *| * * * | * _________)/\\_//(\/(/\)/\//\/|_)_______ Goodbye Gandelf the Monk... You died in The Dungeons of Doom on dungeon level 6 with 2218 points, and 219 pieces of gold, after 2051 moves. You were level 6 with a maximum of 45 hit points when you died.